 Dungeon Crawl Stone Soup version 0.30-a0-996-ga6910c8ee8 (webtiles) character file.

Game seed: 11367697401490253596

37445 CornPuffBuddha the Impaler (level 13, 0/122 HPs)
             Began as a Grey Draconian Berserker on Apr 4, 2023.
             Was a High Priest of Trog.
             Slain by an eight-headed hydra (1 damage)
             ... on level 3 of the Lair of Beasts.
             The game lasted 00:39:40 (15171 turns).

CornPuffBuddha the Impaler (DrBe)                  Turns: 15171, Time: 00:39:40

Health: 0/122      AC: 15    Str: 23    XL:     13   Next: 58%
Magic:  0/13       EV: 15    Int:  9    God:    Trog [*****.]
Gold:   1057       SH:  0    Dex: 11    Spells: 12/12 levels left

rFire   + . .      SeeInvis .    O - +9 bardiche (heavy)
rCold   . . .      Faith    .    (shield currently unavailable)
rNeg    . . .      Spirit   +    (body armour unavailable)
rPois   .          Reflect  .    (helmet restricted)
rElec   .          Rampage  .    l - +0 cloak
rCorr   .                        C - +0 pair of gloves
Will    .....                    (no boots)
Stlth   +                        w - amulet of guardian spirit
HPRegen 0.40/turn                v - +4 ring of slaying
MPRegen 0.13/turn                j - ring of protection from fire

@: no status effects
A: AC +13, amphibious, unfitting armour, cold-blooded
a: Renounce Religion, Berserk, Trog's Hand, Brothers in Arms


You were on level 3 of the Lair of Beasts.
You worshipped Trog.
Trog was extremely pleased with you.
You visited 3 branches of the dungeon, and saw 15 of its levels.
You also visited: Sewer and Bailey.

You collected 1127 gold pieces.
You spent 70 gold pieces at shops.

Inventory:

Hand Weapons
 a - a +0 spear
 H - a +0 halberd
 O - a +9 heavy bardiche (weapon)
 P - the +10 halberd "Duhyipt" {heavy, Dex+3}
   (Trog gifted it to you on level 1 of the Lair of Beasts)

   Dex:       It affects your dexterity (+3).
Missiles
 B - 2 throwing nets (quivered)
Armour
 l - a +0 cloak (worn)
 C - a +0 pair of gloves (worn)
Jewellery
 d - an amulet of magic regeneration
 j - a ring of protection from fire (right hand)
 v - a +4 ring of slaying (left hand)
 w - an amulet of guardian spirit (around neck)
 N - a ring of positive energy
Wands
 n - a wand of flame (21)
 y - a wand of roots (2)
 E - a wand of paralysis (15)
 R - a wand of digging (6)
Scrolls
 b - 4 scrolls of magic mapping
 h - 6 scrolls of teleportation
 k - 5 scrolls of immolation
 m - 3 scrolls of amnesia
 r - 4 scrolls of poison
 t - a scroll of torment
 A - a scroll of brand weapon
 D - 3 scrolls of enchant armour
 F - 4 scrolls of summoning
 L - 4 scrolls of fog
 Q - a scroll of identify
Potions
 c - a potion of experience
 e - 2 potions of degeneration {unknown}
 f - 6 potions of curing
 g - 4 potions of brilliance
 i - 5 potions of mutation
 p - 5 potions of lignification
 q - 2 potions of might
 s - 5 potions of cancellation
 u - a potion of ambrosia {unknown}
 x - 3 potions of haste
 z - 2 potions of resistance {unknown}
 G - 3 potions of magic
 I - a potion of flight {unknown}
Miscellaneous
 K - a phantom mirror


   Skills:
 - Level 13.0 Fighting
 + Level 18.0 Polearms
 - Level 10.0 Dodging


You had 12 spell levels left.
You didn't know any spells.
Your spell library was empty.

Dungeon Overview and Level Annotations

Branches:
Dungeon (11/15)            Temple (1/1) D:6            Lair (3/5) D:11
  Swamp (0/4) Lair:2       Spider (0/4) Lair:3          Orc (0/2) D:11
  Sewer (visited)          Bailey (visited)

Altars:
Ashenzari
Cheibriados
Dithmenos
Elyvilon
Fedhas
Gozag
Hepliaklqana
Kikubaaqudgha
Makhleb
Nemelex Xobeh
Okawaru
Qazlal
Ru
Sif Muna
Trog
Uskayaw
Vehumet
Wu Jian
Xom
Yredelemnul
Zin
The Shining One

Shops:
D:6 **:(:(

Annotations:
Lair:3 exclusion: 2 oklob plants


Innate Abilities, Weirdness & Mutations

Your dull iron-grey scales are very hard. (AC +13)
You are amphibious.
You cannot fit into any form of body armour.
You are cold-blooded and may be slowed by cold attacks.


Message History

The basilisk looks frightened!
The eight-headed hydra bites you but does no damage.
The eight-headed hydra bites you.
* * * LOW HITPOINT WARNING * * *
The eight-headed hydra bites you but does no damage.
The eight-headed hydra misses you.
The eight-headed hydra bites you but does no damage.
The eight-headed hydra bites you!
* * * LOW HITPOINT WARNING * * *
The eight-headed hydra bites you!
* * * LOW HITPOINT WARNING * * *
The eight-headed hydra closely misses you.
Okay, then.
Okay, then.
Okay, then.
Okay, then.
Okay, then.
Aiming: Paralyse
Press: ? - help, Q - select action, (/) - cycle Shift-Dir - straight line, f/p - eight-headed hydra
Aim: an eight-headed hydra (chance to affect: 17%)
Okay, then.
Aiming: Fastroot
Press: ? - help, Q - select action, (/) - cycle Shift-Dir - straight line, p - eight-headed hydra
Okay, then.
Aiming: Bolt of Light
Press: ? - help, Q - select action, (/) - cycle Shift-Dir - straight line, f/p - eight-headed hydra
Aim: an eight-headed hydra (90% to hit)
The bolt of light hits the eight-headed hydra!
The eight-headed hydra is moderately wounded.
The eight-headed hydra is blinded.
The bolt of light hits the basilisk!
The basilisk is moderately wounded.
Your attack snaps the basilisk out of its fear.
The basilisk is blinded.
The now-empty wand crumbles to dust.
The eight-headed hydra closely misses you.
The eight-headed hydra barely misses you.
The eight-headed hydra bites you!
* * * LOW HITPOINT WARNING * * *
The eight-headed hydra bites you.
You die...

..^......# ##..........
..........##............
.........####...........
........## #.(........
.........# #......#.##
........## #.......##
........# #......##
..... #..#......####P
........@.......
.......#D#.#.#..
..#.#.......... .
###...#l#.#.# #.........
.# #....#.# #. #
##....<. .. .. #.# #.


You could see an eight-headed hydra (blind) and a basilisk (blind).

Vanquished Creatures
  A hydra (Lair:3)
  2 two-headed ogres (D:8)
  A boulder beetle (D:11)
  4 death yaks (Lair:2)
  Nergalle (Lair:2)
  A skyshark (Lair:2)
  A spriggan (Lair:1)
  A sixfirhy (D:9)
  Pikel (D:5)
  An orc knight (Bailey)
  2 oklob plants (D:11)
  A cyclops (D:11)
  3 black mambas
  Maurice (D:8)
  A gargoyle (D:10)
  An unseen horror (D:10)
  2 cane toads (Lair:1)
  A rime drake (Lair:3)
  A komodo dragon (Lair:1)
  3 hornets
  2 trolls
  7 blink frogs
  A spectral black mamba (Lair:2)
  Sigmund (D:5)
  A vampire (D:11)
  2 shadows (D:11)
  33 yaks
  4 wyverns
  A basilisk (Lair:2)
  A spectral komodo dragon (Lair:2)
  A steam dragon (D:8)
  A wraith (D:11)
  2 redbacks (Lair:3)
  4 vampire mosquitoes
  2 two-headed ogre zombies (D:11)
  Edmund (D:5)
  2 acid dragons
  8 water moccasins
  A spectral polar bear (Lair:2)
  2 sky beasts (D:7)
  2 ice beasts
  A black bear (D:5)
  11 orc warriors
  6 centaurs
  25 wolves
  A lemure (D:5)
  A kobold brigand (D:9)
  Blork the orc (D:6)
  2 scorpions
  6 bullfrogs
  A spectral water moccasin (Lair:2)
  6 killer bees (D:8)
  2 howler monkeys
  An electric eel (D:11)
  2 jellies (D:5)
  4 orc priests
  2 gnoll boudas
  2 hounds (D:5)
  8 iguanas
  A sleepcap (D:5)
  13 orc wizards
  6 ogre zombies (D:11)
  11 adders
  20 gnolls
  2 ufetubi
  A worm (D:2)
  A dart slug (D:1)
  68 orcs
  8 endoplasms
  11 giant cockroaches
  18 goblins
  19 hobgoblins
  A jackal (D:2)
  14 kobolds
  9 quokkas
  9 ball pythons
  8 bats
  4 frilled lizards (D:1)
  2 goblin skeletons (D:11)
  3 goblin zombies (D:11)
  2 hobgoblin skeletons (D:11)
  3 hobgoblin zombies (D:11)
  An orc skeleton (D:11)
  14 orc zombies (D:11)
  11 rats
  A spectral orc (D:9)
452 creatures vanquished.

Vanquished Creatures (collateral kills)
  An orc warlord (Bailey)
  A ghost crab (Lair:2)
  An orc knight (Bailey)
  Grum (D:8)
  2 orc warriors (Bailey)
  2 wolves (D:8)
  A goblin (Bailey)
9 creatures vanquished.

Vanquished Creatures (others)
  12 fungi
  7 plants
19 creatures vanquished.

Grand Total: 480 creatures vanquished

Notes
Turn   | Place    | Note
-------+----------+-------------------------------------------
     0 | D:1      | CornPuffBuddha the Draconian Berserker began the quest for
                  | the Orb.
     0 | D:1      | Reached XP level 1. HP: 19/19 MP: 1/1
   170 | D:1      | Reached XP level 2. HP: 26/26 MP: 2/2
   493 | D:1      | Reached XP level 3. HP: 31/31 MP: 3/3
   649 | D:1      | Reached ** piety under Trog
   973 | D:2      | Reached skill level 4 in Polearms
  1297 | D:2      | Reached XP level 4. HP: 38/38 MP: 4/4
  1710 | D:3      | Reached skill level 5 in Polearms
  2196 | D:3      | Identified the +8 rapier of Ywiawun {pain, Will+ SInv}
  2297 | D:3      | Reached XP level 5. HP: 45/45 MP: 5/5
  2398 | D:3      | Reached *** piety under Trog
  2803 | D:4      | Reached skill level 6 in Polearms
  2872 | D:4      | Found a glowing drain.
  2917 | Sewer    | Entered a sewer
  2935 | Sewer    | Noticed a water moccasin
  2942 | Sewer    | Killed a water moccasin
  2943 | Sewer    | Reached skill level 7 in Polearms
  2943 | Sewer    | Reached XP level 6. HP: 42/51 MP: 6/6
  3394 | D:4      | Found a bloodstained altar of Trog.
  3828 | D:5      | Entered Level 5 of the Dungeon
  3853 | D:5      | Your scales start taking on a dull iron-grey colour.
  3853 | D:5      | Reached XP level 7. HP: 41/57 MP: 5/7
  3984 | D:5      | Reached **** piety under Trog
  4012 | D:5      | Reached skill level 8 in Polearms
  4215 | D:5      | Reached skill level 9 in Polearms
  4492 | D:5      | Found a hide-covered altar of Uskayaw.
  4664 | D:5      | Noticed Edmund
  4686 | D:5      | Killed Edmund
  4687 | D:5      | Reached XP level 8. HP: 63/63 MP: 5/8
  4842 | D:5      | Noticed Sigmund
  4848 | D:5      | Killed Sigmund
  4849 | D:5      | Reached skill level 10 in Polearms
  4940 | D:6      | Noticed Pikel
  4948 | D:6      | Noticed Blork the orc
  4958 | D:6      | Found a staircase to the Ecumenical Temple.
  4985 | D:5      | Killed Pikel
  4986 | D:5      | Reached skill level 11 in Polearms
  5004 | D:6      | Killed Blork the orc
  5022 | Temple   | Entered the Ecumenical Temple
  5240 | D:6      | Paralysed by a gnoll for 3 turns
  5284 | D:6      | Found Pus Ukis's Specific Store.
  5284 | D:6      | Found Cerowist's General Store.
  5309 | D:6      | Bought a potion of heal wounds for 70 gold pieces
  5434 | D:6      | Found a broken altar of Ashenzari.
  5537 | D:6      | Found a radiant altar of Vehumet.
  5541 | D:6      | Found an ornate altar of the Wu Jian Council.
  5545 | D:6      | Found a white marble altar of Elyvilon.
  5667 | D:6      | Found Ecoamyephe's Book Shoppe.
  5667 | D:6      | Found Taynoiju's Book Shoppe.
  5669 | D:6      | Found Kaommucw's Antique Weapon Shoppe.
  5669 | D:6      | Found Ylecuwn's Weapon Shoppe.
  5746 | D:6      | Reached XP level 9. HP: 71/72 MP: 9/9
  5911 | D:6      | Reached skill level 12 in Polearms
  6111 | D:6      | Reached skill level 5 in Fighting
  6406 | D:7      | Found a sparkling altar of Nemelex Xobeh.
  6420 | D:7      | Found an opulent altar of Gozag.
  6420 | D:7      | Found an ancient bone altar of Kikubaaqudgha.
  6673 | D:8      | Found a flagged portal.
  6676 | D:8      | Noticed Maurice
  6688 | D:8      | Killed Maurice
  6776 | Bailey   | Entered a bailey
  6841 | Bailey   | Reached ***** piety under Trog
  6963 | Bailey   | Reached skill level 13 in Polearms
  7052 | Bailey   | Noticed an orc knight
  7068 | Bailey   | Killed an orc knight
  7069 | Bailey   | Reached XP level 10. HP: 88/88 MP: 7/10
  7198 | Bailey   | Noticed an orc warlord
  7199 | Bailey   | Noticed an orc knight
  7215 | Bailey   | Killed an orc warlord
  7224 | Bailey   | Killed an orc knight
  7269 | Bailey   | Reached skill level 16 in Polearms
  7269 | Bailey   | Reached XP level 11. HP: 96/97 MP: 11/11
  7430 | D:8      | Noticed a two-headed ogre
  7441 | D:8      | Killed a two-headed ogre
  7776 | D:8      | Noticed a two-headed ogre
  7777 | D:8      | Noticed Grum
  7792 | D:8      | Killed a two-headed ogre
  7793 | D:8      | Reached skill level 10 in Fighting
  7800 | D:8      | Killed Grum
  8338 | D:9      | Found a runed translucent door.
  8338 | D:9      | Found a burning altar of Makhleb.
  8338 | D:9      | Noticed a sixfirhy
  8696 | D:9      | Found a hazy altar of Hepliaklqana.
  8902 | D:9      | Killed a sixfirhy
  8934 | D:10     | Entered Level 10 of the Dungeon
  8936 | D:10     | Reached skill level 5 in Dodging
  8987 | D:10     | Reached XP level 12. HP: 105/107 MP: 12/12
  9947 | D:11     | Received a gift from Trog
  9965 | D:11     | Found a staircase to the Orcish Mines.
 10147 | D:11     | Noticed a boulder beetle
 10161 | D:11     | Killed a boulder beetle
 11315 | D:11     | Found a staircase to the Lair.
 11705 | Lair:1   | Entered Level 1 of the Lair of Beasts
 11757 | Lair:1   | Reached skill level 17 in Polearms
 12067 | Lair:1   | Paralysed by a hornet for 3 turns
 12118 | Lair:1   | Identified the +10 halberd "Duhyipt" {heavy, Dex+3} (Trog
                  | gifted it to you on level 1 of the Lair of Beasts)
 12118 | Lair:1   | Received a gift from Trog
 12476 | Lair:1   | Reached XP level 13. HP: 55/119 MP: 8/13
 13460 | Lair:2   | Noticed Nergalle
 13469 | Lair:2   | Killed Nergalle
 13632 | Lair:2   | Found a staircase to the Swamp.
 14696 | Lair:3   | Reached skill level 10 in Dodging
 14724 | Lair:3   | Found a hole to the Spider Nest.
 14917 | Lair:3   | Found a shimmering blue altar of Sif Muna.
 15145 | Lair:3   | Reached skill level 18 in Polearms
 15171 | Lair:3   | HP: 1/122 [eight-headed hydra (10)]
 15171 | Lair:3   | Slain by an eight-headed hydra

Illustrated notes

Levels and vault maps discovered:
D:1:      spicycebolla_green_bress_n_ham, layout_loops_ring,
          grunt_decor_mini_mirrors, feat_on_display
D:2:      layout_basic, chequers_garden, nrook_campfire,
          nicolae_concentric_dashed_squares_wild, minmay_tetromino_i4
D:3:      layout_basic, minmay_snake_closets
D:4:      layout_gridville, trog_butcher_becter, gup_sewer_entry_pipe,
          grunt_ministairs_3
D:5:      layout_loops_ring, nicolae_uskayaw_murder_on_the_dancefloor,
          uniq_edmund, uniq_sigmund
D:6:      layout_rooms, minitemple, lemuel_crystal_altar,
          minmay_temple_entry_statues_pillars, nicolae_specific_store,
          minmay_shop_grid_forest, eino_small_chamber_without_monster,
          uniq_pikel, uniq_blork_the_orc
D:7:      layout_rooms, overflow_temple_1_default,
          gammafunk_temple_overflow_wave
D:8:      layout_rooms, enter_bailey_2, kennysheep_generic_room_16,
          uniq_maurice, uniq_grum
D:9:      layout_loops_cross, nzn_makhleb_speed_demon,
          nicolae_hepliaklqana_monster_ancestors, minivault_24
D:10:     layout_loops_cross
D:11:     layout_irregular_city, dpeg_oklobed_lair, zombieorc2_lemuel,
          kennysheep_minor_cross
Temple:   grunt_temple_mini_profane
Lair:1:   layout_regular_city, gauntlet_entry_generic,
          grunt_forest_large_clearings
Lair:2:   layout_regular_city, nicolae_swamp_entry_spooky,
          chequers_serial_rivers_room_a, infiniplex_staircase_pool,
          grunt_megastairs_4, uniq_nergalle
Lair:3:   layout_small_grid, spider_nest_entry_webs, basic_altar, st_stairs_8,
          disabler_island

Skill      XL: |  1  2  3  4  5  6  7  8  9 10 11 12 13 |
---------------+----------------------------------------+-----
Dodging        | 3 5 8 10 | 10.0
Polearms       | 4 5 7 9 11 13 16 17 18 | 18.0
Fighting       | 4 8 9 10 12 13 | 13.0

Action                     |  1- 3 |  4- 6 |  7- 9 | 10-12 | 13-15 || total
---------------------------+-------+-------+-------+-------+-------++-------
  Melee: Spear             |   144 |   303 |   502 |    37 |     7 ||   993
         Tailslap          |    12 |    26 |    71 |    45 |    15 ||   169
         Punch             |     2 |     1 |     4 |       |       ||     7
         Halberd           |       |       |       |   273 |       ||   273
         Bardiche          |       |       |       |   132 |   107 ||   239
 Invoke: Berserk           |       |     1 |     5 |     5 |     2 ||    13
         Trog's Hand       |       |       |     1 |     2 |       ||     3
         Brothers in Arms  |       |       |       |     4 |     1 ||     5
  Evoke: Wand              |       |     4 |     5 |    10 |     2 ||    21
    Use: Scroll            |       |     7 |       |    17 |     3 ||    27
         Potion            |       |       |     1 |     7 |     5 ||    13
   Stab: Sleeping          |     2 |     6 |       |     1 |       ||     9
         Invisible         |       |       |       |     1 |       ||     1
 Armour: Skin              |    25 |    77 |   124 |   191 |    88 ||   505
  Dodge: Dodged            |    58 |   137 |   158 |   270 |   107 ||   730

Table legend: (Time is in decaauts)
 A = Elapsed time spent in this place.
 B = Non-inter-level travel time spent in this place.
 C = Inter-level travel time spent in this place.
 D = Time resting spent in this place.
 E = Time spent auto-exploring this place.
 F = Levels seen in this place.
 G = Mean time per level.
                   A        B        C        D        E       F      G
               +--------+--------+--------+--------+--------+-----+--------+
         Total |  15015 |  14290 |    725 |   2197 |   9131 |  17 |  883.2 |
       Dungeon |  10623 |   9965 |    658 |    956 |   6923 |  11 |  965.7 |
        Temple |    198 |    172 |     26 |      0 |    167 |   1 |  198.0 |
          Lair |   3581 |   3540 |     41 |   1167 |   1803 |   3 | 1193.7 |
         Sewer |    124 |    124 |      0 |     31 |     27 |   1 |  124.0 |
        Bailey |    488 |    488 |      0 |     42 |    210 |   1 |  488.0 |
               +--------+--------+--------+--------+--------+-----+--------+

Top non-repeatable levels by time:
    D:11: 1738 daAuts
  Lair:2: 1561 daAuts
  Lair:1: 1421 daAuts
     D:3: 1181 daAuts
     D:5: 1045 daAuts
     D:6: 1041 daAuts
     D:4: 941 daAuts
     D:9: 919 daAuts
     D:8: 886 daAuts
     D:1: 841 daAuts
    D:10: 816 daAuts
     D:2: 686 daAuts
  Lair:3: 598 daAuts
     D:7: 524 daAuts
  Bailey: 488 daAuts
